 Dungeon Crawl Stone Soup version 0.18.1-48-g4cf74bf (webtiles) character file.

10 aveEighth the Ducker (level 2, 0/14 HPs)
             Began as a Felid Berserker on July 27, 2016.
             Was a Follower of Trog.
             Slain by a ball python (1 damage)
             ... on level 1 of the Dungeon.
             The game lasted 00:03:55 (224 turns).

aveEighth the Ducker (Felid Berserker)               Turns: 224, Time: 00:03:55

Health: 0/14       AC:  1    Str: 13    XL:     2   Next: 10%
Magic:  3/3        EV: 19    Int:  8    God:    Trog [*.....]
Gold:   11         SH:  0    Dex: 15    Spells: 0 memorised, 1 level left
                                        Lives:  0   Deaths: 0

rFire  . . .     SeeInvis +       - Unarmed
rCold  . . .     Gourm    .     (armour unavailable)
rNeg   . . .     Faith    .     (shield unavailable)
rPois  .         Spirit   .     (helmet unavailable)
rElec  .         Dismiss  .     (cloak unavailable)
rCorr  .         Reflect  .     (gloves unavailable)
SustAt .         Harm     .     (boots unavailable)
MR     .....                    (no amulet)
Stlth  ++........               (no ring)
                                (no ring)

@: exhausted, slowed, slow, not resistant to hostile enchantments, unstealthy
A: no armour, no weapons or thrown items, claws 1, fangs 3, see invisible,
carnivore 3, speed 1, shaggy fur 1, slow metabolism 1, sharp paws
a: Berserk, Burn Spellbooks, Renounce Religion


You were on level 1 of the Dungeon.
You worshipped Trog.
Trog was aware of your devotion.
You were not hungry.

You visited 1 branch of the dungeon, and saw 1 of its levels.

You collected 11 gold pieces.

Inventory:

Comestibles
 a - a meat ration


   Skills:
 - Level 3.2 Fighting
 + Level 4.0 Dodging
 + Level 3.4 Unarmed Combat


You had one spell level left.
You didn't know any spells.

Dungeon Overview and Level Annotations

Branches:
Dungeon (1/15)

Altars:


Innate Abilities, Weirdness & Mutations

You cannot wear armour.
You are incapable of wielding weapons or throwing items.
You have sharp claws.
You have razor-sharp teeth.
You have supernaturally acute eyesight.
You are carnivorous and can eat meat at any time.
You cover ground quickly.
You are covered in fur (AC +1).
You have a slow metabolism.
Your sharp claws are effective at attacking unaware monsters.


Message History

The ball python completely misses you. The ball python grabs you.
The ball python constricts you. The ball python closely misses you.
The ball python constricts you. The bat barely misses you.
You miss the bat. Your bite misses the bat. The bat closely misses you.
The bat hits you but does no damage. The bat closely misses you.
The ball python misses you. The ball python constricts you.
The ball python closely misses you. The ball python constricts you.
Your attempt to break free from the ball python fails, but you feel that another attempt might succeed.
The bat hits you but does no damage. The ball python closely misses you.
* * * LOW HITPOINT WARNING * * *
The ball python constricts you. The bat closely misses you.
The ball python bites you.
* * * LOW HITPOINT WARNING * * *
x2 The ball python constricts you.
The bat barely misses you.
You escape the ball python's grasp.
The bat completely misses you. The bat misses you.
You scratch the ball python.
The ball python is heavily wounded.
The bat closely misses you. The ball python bites you.
You die...

#.# #.# .# ####### #.# .#
#.....# #.# .#
####.....###.########.#####.
...'....)...................
####.....###........#.....
############...####.#..#
.........).'..bS@b†....#
..##########...####..?......
..# #.......## ##.......#
..# #.###....## ...#####.
..# #.# #.....# #..# '##
#.###.....#.#...
.#######...........#..##
.......................
###########........#..


You could see 2 bats and a ball python.

Vanquished Creatures
  A dart slug (D:1)
  A goblin (D:1)
  A hobgoblin (D:1)
  A kobold (D:1)
  A giant newt (D:1)
  4 rats (D:1)
9 creatures vanquished.

Notes
Turn   | Place    | Note
--------------------------------------------------------------
     0 | D:1      | aveEighth the Felid Berserker began the quest for the Orb.
     0 | D:1      | Reached XP level 1. HP: 10/10 MP: 2/2
   156 | D:1      | Reached XP level 2. HP: 8/14 MP: 3/3
   224 | D:1      | Slain by a ball python

Action                   || total
-------------------------++-------
Melee: Unarmed           ||    33
       Bite              ||     4
       Punch             ||     2
Invok: Berserk           ||     1
Armor: Skin              ||     5
Dodge: Dodged            ||    50
